 Dungeon Crawl Stone Soup version 0.21-a0-274-gc1afaeb (webtiles) character file.

80 Lavandula the Chopper (level 4, 0/35 (36) HPs)
             Began as a Ghoul Warper on Sept 18, 2017.
             Was a Follower of Okawaru.
             Killed by divine providence
             ... invoked by an orc priest
              (15 damage)
             ... on level 3 of the Dungeon.
             The game lasted 00:03:21 (997 turns).

Lavandula the Chopper (Ghoul Warper)                 Turns: 997, Time: 00:03:22

HP:   0/35 (36)     AC:  6    Str: 15    XL:     4   Next: 39%
MP:   5/5           EV: 11    Int:  8    God:    Okawaru [*.....]
Gold: 103           SH:  0    Dex:  8    Spells: 6/6 levels left

rFire    . . .     SeeInvis .   a - +0 hand axe
rCold    + . .     Gourm    .   (no shield)
rNeg     + + +     Faith    .   b - +0 leather armour
rPois    ∞         Spirit   .   (no helmet)
rElec    .         Reflect  .   (no cloak)
rCorr    .         Harm     .   (no gloves)
MR       .....                  p - +2 pair of boots
Stlth    +.........             (no amulet)
HPRegen  0.00/turn              (no ring)
MPRegen  0.09/turn              (no ring)

@: rotting
A: rotting body, claws 1, carnivore 3, cold resistance 1, negative energy
resistance 3, inhibited regeneration, torment resistance, unbreathing
a: Heroism, Renounce Religion


You were on level 3 of the Dungeon.
You worshipped Okawaru.
Okawaru was aware of your devotion.
You were not hungry.

You visited 1 branch of the dungeon, and saw 4 of its levels.

You collected 103 gold pieces.

Inventory:

Hand Weapons
 a - a +0 hand axe (weapon)
Armour
 b - a +0 leather armour (worn)
 p - a +2 pair of boots (worn)
Wands
 o - a wand of confusion (25/48)
Scrolls
 d - a scroll of blinking
 e - a scroll of noise {unknown}
 k - a scroll of remove curse {unknown}
 m - 2 scrolls of teleportation {unknown}
 n - a scroll of recharging {unknown}
Potions
 h - a potion of haste {unknown}
 i - a potion of degeneration {unknown}
 j - a potion of mutation {unknown}
 l - a potion of flight {unknown}
Books
 c - a book of Spatial Translocations

   Spells                             Type                      Level
   a - Blink                          Translocation                2
   b - Shroud of Golubria             Charms/Translocation         2
   c - Lesser Beckoning               Translocation                3
   d - Gell's Gravitas                Translocation                3
   e - Teleport Other                 Translocation                3
   f - Passage of Golubria            Translocation                4
Comestibles
 f - a meat ration


   Skills:
 - Level 2.1 Fighting
 + Level 4.1 Axes
 - Level 0.8 Throwing
 - Level 0.8 Armour
 - Level 1.7 Dodging
 - Level 1.7 Spellcasting
   Level 2.6 Translocations


You had 6 spell levels left.
You didn't know any spells.

Dungeon Overview and Level Annotations

Branches:
Dungeon (4/15)
 Temple: D:4-7

Altars:
Ashenzari
Okawaru
The Shining One


Innate Abilities, Weirdness & Mutations

Your body is rotting away.
You thrive on raw meat.
You are immune to poison.
You have sharp fingernails.
You are carnivorous and can eat meat at any time.
Your flesh is cold resistant. (rC+)
You are immune to negative energy. (rN+++)
You do not regenerate when monsters are visible.
You are immune to unholy pain and torment.
You can survive without breathing.


Message History

The orc priest hits you but does no damage.
You barely miss the orc priest. The orc priest hits you.
You barely miss the orc priest. The orc priest hits you.
You closely miss the orc priest.
You feel your flesh rotting away.
The orc priest hits you but does no damage.
You hit the orc priest.
The orc priest is moderately wounded.
The orc priest hits you but does no damage.
You barely miss the orc priest.
The orc priest is moderately wounded.
The orc priest closely misses you. The orc priest hits you.
You barely miss the orc priest.
The orc priest is moderately wounded.
The orc priest hits you but does no damage.
You hit the orc priest.
The orc priest is severely wounded.
The orc priest calls down the wrath of Beogh upon you.
Beogh smites you!
You die...

#.###............#..
#.# #.#...###.####..
#.# #.#...# #.# ###
#.# #.#...###.# #.#
#.#.......#
#.###.##..#####
#...#.##..# ###.#
#..#######. #@#
#.......... #o#
#.######... #$# ##.#
#.#.#..#
..#.#.#######.
#.#...........
..###.######## .##
#......# ##<.###.#


You could see an orc priest.

Vanquished Creatures
  An orc priest (D:3)
  An adder (D:2)
  A dart slug (D:2)
  A leopard gecko (D:2)
  2 orcs
  4 giant cockroaches
  6 goblins
  6 hobgoblins (D:2)
  4 jackals (D:2)
  A bat (D:3)
  3 frilled lizards
  2 kobolds
  3 rats
35 creatures vanquished.

Notes
Turn   | Place    | Note
-------+----------+-------------------------------------------
     0 | D:1      | Lavandula the Ghoul Warper began the quest for the Orb.
     0 | D:1      | Reached XP level 1. HP: 17/17 MP: 2/2
    55 | D:1      | Reached skill level 2 in Axes
   245 | D:2      | Reached XP level 2. HP: 7/24 MP: 3/3
   396 | D:2      | Reached skill level 3 in Axes
   428 | D:2      | Reached XP level 3. HP: 27/29 MP: 4/4
   635 | D:3      | Found a glowing golden altar of the Shining One.
   728 | D:3      | Found a shattered altar of Ashenzari.
   798 | D:3      | Found a faded altar of an unknown god.
   807 | D:3      | Became a worshipper of Warmaster Okawaru
   807 | D:3      | Reached * piety under Okawaru
   924 | D:4      | Noticed an ogre
   989 | D:3      | Reached skill level 4 in Axes
   989 | D:3      | Reached XP level 4. HP: 20/36 MP: 5/5
   997 | D:3      | Killed from afar by an orc priest

Vault maps used:
D:1:      dpeg_arrival_round_c
D:2:      cheibrodos_greedy_goblins, minmay_overflow_temple_star_quad,
          minmay_misc_feat_pillars, minmay_pentomino_p4
D:3:      nicolae_overflow_hidden_temple, nicolae_tso_carved_into_rock,
          first_bread, chequers_ecumenical_altar_simple, st_stairs_14,
          cheibrodos_ashenzari_chains
D:4:      minmay_temple_entry_trees

Skill      XL: |  1  2  3 |
---------------+----------+-----
Axes           | 2 3 4 |  4.1
Fighting       | |  2.1
Throwing       | |  0.8
Armour         | |  0.8
Dodging        | |  1.7
Spellcasting   | |  1.7
Translocations | |  2.6

Action                   |  1- 3 |  4- 6 || total
-------------------------+-------+-------++-------
Melee: Hand axe          |   116 |     8 ||   124
Throw: Tomahawk          |     5 |       ||     5
  Eat: Chunk             |    17 |       ||    17
Armor: Leather armour    |    23 |     4 ||    27
Dodge: Dodged            |    58 |     1 ||    59

Table legend:
 A = Spawn XP
 B = Non-spawn XP
 C = Spawn XP percentage of total XP
 D = Spawn monster count
 E = Non-spawn monster count
 F = Spawn count percentage of total count
 G = Total turns spent on level
                    A         B        C        D         E        F      G
               +---------+---------+-------+---------+---------+-------+---------
         Total |       0 |     115 |   0.0 |       0 |      35 |   0.0 |   997
               +---------+---------+-------+---------+---------+-------+---------
           D:1 |       0 |       5 |   0.0 |       0 |       4 |   0.0 |   153
           D:2 |       0 |      56 |   0.0 |       0 |      22 |   0.0 |   448
           D:3 |       0 |      48 |   0.0 |       0 |       6 |   0.0 |   307
           D:4 |       0 |       6 |   0.0 |       0 |       3 |   0.0 |    89
               +---------+---------+-------+---------+---------+-------+---------
